 Dungeon Crawl Stone Soup version 0.30-a0-728-gc68057be0a (webtiles) character file.

Game seed: 9153514699528129854

4300 dungeoncrawlr the Covert (level 10, -8/55 HPs)
             Began as a Kobold Enchanter on Jan 31, 2023.
             Was a Believer of Dithmenos.
             Killed by an exploding yak (23 damage)
             ... ignited by their inner flame
             ... on level 8 of the Dungeon.
             The game lasted 00:50:24 (6748 turns).

dungeoncrawlr the Covert (Kobold Enchanter)         Turns: 6748, Time: 00:50:25

Health: -8/55      AC:  4    Str:  3    XL:     10   Next: 58%
Magic:  17/17      EV: 19    Int: 27    God:    Dithmenos [**....]
Gold:   319        SH:  0    Dex: 25    Spells: 16/19 levels left

rFire   . . .      SeeInvis .    k - +8 dagger of Equilibrium {flame, rPois rCorr Str-3 Int+6}
rCold   x . .      Faith    .    (no shield)
rNeg    . . .      Spirit   .    b - +1 robe
rPois   +          Reflect  .    (no helmet)
rElec   .          Harm     .    e - +0 cloak of Buuhics {+Blink rF- Will+ Int+4}
rCorr   +          Rampage  .    (no gloves)
Will    +....                    (no boots)
Stlth   +++++++++                (no amulet)
HPRegen 0.29/turn                y - +6 ring of dexterity
MPRegen 0.15/turn                n - ring of fire

@: mighty, wreathed by umbra
A: small, no large weapons, nightstalker 3
a: Renounce Religion, Evoke Blink, Shadow Step


You were on level 8 of the Dungeon.
You worshipped Dithmenos.
Dithmenos was pleased with you.
You visited 2 branches of the dungeon, and saw 9 of its levels.

You collected 319 gold pieces.

Inventory:

Hand Weapons
 a - a +2 dagger
 k - the +8 dagger of Equilibrium (weapon) {flame, rPois rCorr Str-3 Int+6}
   (You found it on level 2 of the Dungeon)

   Str:       It affects your strength (-3).
   Int:       It affects your intelligence (+6).
   rPois:     It protects you from poison.
   rCorr:     It protects you from acid and corrosion.
 p - a +1 rapier of speed
Missiles
 g - 5 boomerangs of dispersal
Armour
 b - a +1 robe (worn)
 e - the +0 cloak of Buuhics (worn) {+Blink rF- Will+ Int+4}
   (You acquired it on level 4 of the Dungeon)

   Int:       It affects your intelligence (+4).
   rF:        It makes you vulnerable to fire.
   +Blink:    It lets you blink.
   Will:      It increases your willpower.
 i - the +0 ring mail "Yxtair" {+Blink rPois Str-3 Dex+6}
   (You found it on level 5 of the Dungeon)

   Str:       It affects your strength (-3).
   Dex:       It affects your dexterity (+6).
   rPois:     It protects you from poison.
   +Blink:    It lets you blink.
 C - a +0 robe
 K - a scarf of repulsion
 O - an orb of guile
Magical Staves
 w - a staff of fire
 x - a staff of conjuration
 P - a staff of death
Jewellery
 l - a ring of resist corrosion
 n - a ring of fire (right hand)
 v - a ring of ice
 y - a +6 ring of dexterity (left hand)
 L - a ring of positive energy
Wands
 u - a wand of roots (13)
 z - a wand of polymorph (7)
 F - a wand of charming (13)
Scrolls
 d - a scroll of fear
 f - 4 scrolls of identify
 j - 6 scrolls of vulnerability
 r - 2 scrolls of blinking
 s - 3 scrolls of poison {unknown}
 A - a scroll of enchant armour
 B - a scroll of amnesia {unknown}
 D - 2 scrolls of teleportation {unknown}
 E - a scroll of silence {unknown}
 H - a scroll of noise {unknown}
 N - 2 scrolls of enchant weapon
Potions
 c - a potion of invisibility
 h - a potion of might
 m - 2 potions of mutation
 o - a potion of haste
 q - a potion of attraction
 t - 3 potions of flight
 G - a potion of resistance {unknown}
 J - a potion of brilliance
 M - a potion of curing {unknown}


   Skills:
 + Level 2.8 Fighting
 * Level 10.1 Short Blades
 + Level 5.5 Dodging
 * Level 13.3 Stealth
 * Level 5.3 Spellcasting
 * Level 5.7 Hexes
 + Level 1.0 Evocations


You had 16 spell levels left.
You knew the following spells:

 Your Spells              Type           Power      Damage    Failure   Level
a - Tukima's Dance        Hex            37%        N/A       1%          3

Your spell library contained the following spells:

 Spells                   Type           Power      Damage    Failure   Level
 Slow                     Hex            100%       N/A       1%          1
 Confusing Touch          Hex            37%        N/A       1%          3
 Ensorcelled Hibernation  Hex/Ice        44%        N/A       3%          2
 Dazzling Flash           Conj/Hex       44%        N/A       6%          3
 Summon Guardian Golem    Hex/Summ       22%        N/A       6%          3
 Shock                    Conj/Air       28%        1d4       7%          1
 Summon Small Mammal      Summ           28%        N/A       7%          1
 Cigotuvi's Dreadful Rot  Necr/Pois/Air  14%        N/A       11%         2
 Call Canine Familiar     Summ           7%         N/A       22%         3
 Yara's Violent Unravell  Hex/Tmut       11%        3d6       52%         5
 Dispel Undead            Necr           7%         3d8       56%         4
 Passage of Golubria      Tloc           7%         N/A       56%         4
 Death Channel            Necr           3%         N/A       100%        6


Dungeon Overview and Level Annotations

Branches:
Dungeon (8/15)             Temple (1/1) D:4
   Lair: D:8-11

Altars:
Ashenzari
Cheibriados
Dithmenos
Elyvilon
Fedhas
Gozag
Hepliaklqana
Kikubaaqudgha
Makhleb
Nemelex Xobeh
Okawaru
Qazlal
Ru
Sif Muna
Trog
Uskayaw
Vehumet
Wu Jian
Xom
Yredelemnul
Zin
The Shining One

Shops:
D:3 ::   D:5 *   D:7 (   D:8 =


Innate Abilities, Weirdness & Mutations

You are small and have problems with some larger weapons.
You are completely attuned to the shadows.


Message History

You closely miss the yak.
Aiming: Fastroot
Press: ? - help, Shift-Dir - straight line
Okay, then.
The yak gores you. The yak attacks as you move away!
The yak completely misses you. The yak attacks as you move away!
The yak gores you but does no damage.
You hit the yak but do no damage. The yak misses you.
The yak completely misses you.
You puncture the yak!
Flame seeps out of the yak.
You burn the yak.
Flame seeps out of the yak.
The yak is moderately wounded.
You hit the yak.
Flame seeps out of the yak.
You burn the yak.
Flame seeps out of the yak.
The yak is heavily wounded.
The yak is engulfed in blazing flames.
Flame seeps out of the yak.
The yak gores you! The yak barely misses you. The yak attacks as you move away!
The yak closely misses you. The yak attacks as you move away!
The yak barely misses you.
The yak is engulfed in blazing flames.
Flame seeps out of the yak.
The yak attacks as you move away! The yak misses you.
The yak attacks as you move away! The yak barely misses you.
You feel very mighty all of a sudden.
You hit the yak.
Flame seeps out of the yak.
You burn the yak.
Flame seeps out of the yak.
The yak is almost dead.
You puncture the yak!
Flame seeps out of the yak.
You burn the yak!
Flame seeps out of the yak.
The yak is severely wounded.
The yak is engulfed in blazing flames.
Dithmenos accepts your kill.
The yak explodes!
The fiery explosion engulfs you!
* * * LOW HITPOINT WARNING * * *
The fiery explosion engulfs the yak!!
Dithmenos accepts your kill.
The yak explodes!
The fiery explosion engulfs you!!
You die...

..........# ..........#
#........ ..........#
♣∩♣...... ..........#
#........ .....).....#
#♣....... ...........#
##......$. ...........#
#####Y........
..........####.Y..YY.......
#....####...@○§Y..####.....
#...........○###### ####.#
##.......####...####
.....##### #......###
.#......# #........#
#.......### #........#
#.........###....._..#
............#.......#########
.........#..................#


You could see 2 yaks.

Vanquished Creatures
  Maggie (D:6)
  A hornet (D:7)
  Sigmund (D:6)
  A steam dragon (D:7)
  Eustachio (D:4)
  7 yaks (D:8)
  3 vampire mosquitoes (D:7)
  2 water moccasins
  A sky beast (D:8)
  3 black bears
  2 ice beasts
  A centaur (D:5)
  An ogre (D:5)
  A phantom (D:7)
  A kobold brigand (D:7)
  A bullfrog (D:7)
  3 scorpions
  A wight (D:7)
  A howler monkey (D:5)
  5 hounds
  4 orc priests
  3 jellies
  2 iguanas (D:5)
  Natasha (thrice) (D:3)
  5 orc wizards
  9 adders
  An ufetubus (D:4)
  2 worms (D:2)
  4 dart slugs
  27 orcs
  6 endoplasms
  6 goblins
  8 hobgoblins
  5 quokkas
  4 ball pythons
  6 bats
  4 frilled lizards
  11 kobolds
148 creatures vanquished.

Vanquished Creatures (collateral kills)
  A black bear (D:6)
  An orc priest (D:6)
2 creatures vanquished.

Grand Total: 150 creatures vanquished

Notes
Turn   | Place    | Note
-------+----------+-------------------------------------------
     0 | D:1      | dungeoncrawlr the Kobold Enchanter began the quest for the
                  | Orb.
     0 | D:1      | Reached XP level 1. HP: 10/10 MP: 3/3
   189 | D:1      | Reached XP level 2. HP: 15/15 MP: 5/5
   991 | D:2      | Reached skill level 5 in Stealth
   991 | D:2      | Reached XP level 3. HP: 13/20 MP: 6/6
  1237 | D:2      | Identified the +8 dagger of Equilibrium {flame, rPois rCorr
                  | Str-3 Int+6}
  1304 | D:2      | Reached XP level 4. HP: 24/24 MP: 7/7
  1777 | D:3      | Learned a level 3 spell: Tukima's Dance
  1960 | D:3      | Reached skill level 6 in Stealth
  1960 | D:3      | Reached XP level 5. HP: 28/28 MP: 8/8
  2042 | D:3      | Noticed Natasha
  2050 | D:3      | Killed Natasha
  2052 | D:3      | Found Benyd's Book Emporium.
  2060 | D:3      | Noticed Natasha
  2076 | D:3      | Killed Natasha
  2202 | D:3      | Found Duonwoj's Vocational Training.
  2273 | D:3      | Found a blossoming altar of Fedhas.
  2364 | D:3      | Noticed Natasha
  2368 | D:3      | Killed Natasha
  2369 | D:3      | Reached skill level 1 in Fighting
  2405 | D:4      | Reached XP level 6. HP: 34/34 MP: 9/9
  2408 | D:4      | Identified a scroll of acquirement
  2408 | D:4      | Acquired the +0 cloak of Buuhics {+Blink rF- Will+ Int+4}
  2429 | D:4      | Noticed Eustachio
  2432 | D:4      | Killed Eustachio
  2433 | D:4      | Reached skill level 7 in Stealth
  2564 | D:4      | Found a staircase to the Ecumenical Temple.
  2585 | D:4      | Reached skill level 8 in Stealth
  2585 | D:4      | Reached XP level 7. HP: 38/38 MP: 10/10
  2604 | Temple   | Entered the Ecumenical Temple
  2961 | Temple   | Became a worshipper of Dithmenos the Shadowed
  3386 | D:5      | Entered Level 5 of the Dungeon
  3425 | D:5      | Reached skill level 5 in Short Blades
  3430 | D:5      | Reached * piety under Dithmenos
  3593 | D:5      | Reached skill level 9 in Stealth
  3630 | D:5      | Found Rufyr's General Store.
  3637 | D:5      | Reached XP level 8. HP: 43/43 MP: 12/12
  3673 | D:5      | Found a shimmering blue altar of Sif Muna.
  3684 | D:5      | Got Sif Muna's Codex of Aeromancy
  3686 | D:5      | Got Sif Muna's Verses on Company
  3688 | D:5      | Got Sif Muna's Quarto of Bewitchment
  3979 | D:5      | Identified the +0 ring mail "Yxtair" {+Blink rPois Str-3
                  | Dex+6}
  3991 | D:5      | Lost strength.
  4309 | D:6      | Noticed Sigmund
  4316 | D:6      | Killed Sigmund
  4317 | D:6      | Reached skill level 10 in Stealth
  4319 | D:6      | Reached XP level 9. HP: 41/48 MP: 11/14
  4464 | D:6      | Noticed Maggie
  4468 | D:6      | Killed Maggie
  4805 | D:6      | Found a sacrificial altar of Ru.
  4978 | D:6      | Reached skill level 11 in Stealth
  5197 | D:7      | Reached ** piety under Dithmenos
  5307 | D:7      | Reached skill level 5 in Hexes
  5307 | D:7      | Reached skill level 1 in Evocations
  5443 | D:7      | Reached XP level 10. HP: 43/53 MP: 17/17
  5661 | D:7      | Reached skill level 12 in Stealth
  5890 | D:7      | Found Ymocoac's Antique Weapon Emporium.
  5947 | D:7      | Reached skill level 5 in Spellcasting
  6107 | D:7      | Reached skill level 10 in Short Blades
  6313 | D:7      | Found a sparkling altar of Nemelex Xobeh.
  6379 | D:8      | Reached skill level 5 in Dodging
  6388 | D:8      | Reached skill level 13 in Stealth
  6674 | D:8      | Found an opulent altar of Gozag.
  6728 | D:8      | Found Zaosch's Jewellery Boutique.
  6748 | D:8      | Killed by an exploding yak... ignited by their inner flame

Illustrated notes

Levels and vault maps discovered:
D:1:      evilmike_arrival_plus, layout_loops_cross,
          nicolae_concentric_dashed_squares_wild, minmay_door_square
D:2:      layout_loops_cross, st_stairs_14, reono_crystal_passage
D:3:      layout_loops_ring, mainiacjoe_overflow_alcove_4, serial_shops,
          nicolae_shop_waterfront, nicolae_shop_vocational, uniq_natasha
D:4:      layout_basic, minmay_temple_entry_statues_fountains, uniq_eustachio
D:5:      layout_loops_ring, nicolae_sif_muna_little_library, serial_shops, shop
D:6:      layout_cave_pods, mainiacjoe_overflow_chevrons, uniq_sigmund,
          uniq_maggie
D:7:      minmay_bubble_buster, layout_basic, lemuel_tele_altar, serial_shops,
          kennysheep_little_box
D:8:      layout_cave_pods, nicolae_gozag_seed_capital, serial_shops,
          nicolae_shop_advertising_works [nicolae_subvault_shop_adworks],
          nicolae_shop_trees, nicolae_shop_stone
Temple:   minmay_temple_bridge_d

Skill      XL: |  1  2  3  4  5  6  7  8  9 10 |
---------------+-------------------------------+-----
Short Blades   | 2 3 4 5 7 9 10 | 10.1
Stealth        | 5 6 8 9 10 11 13 | 13.3
Dodging        | 3 4 5 |  5.5
Fighting       | 1 2 |  2.8
Spellcasting   | 3 4 5 |  5.3
Hexes          | 4 5 |  5.7
Evocations     | 1 |  1.0

Action                     |  1- 3 |  4- 6 |  7- 9 | 10-12 || total
---------------------------+-------+-------+-------+-------++-------
  Melee: Dagger            |    85 |    53 |   192 |    87 ||   417
         Punch             |       |       |     2 |     1 ||     3
   Cast: Tukima's Dance    |       |       |     5 |     1 ||     6
Ability: Evoke Blink       |       |       |     2 |       ||     2
  Evoke: Wand              |       |       |     2 |     2 ||     4
    Use: Scroll            |       |     7 |     7 |     2 ||    16
         Potion            |       |       |     1 |     2 ||     3
   Stab: Sleeping          |    11 |    17 |    18 |     6 ||    52
         Distracted        |       |     1 |       |       ||     1
         Invisible         |       |       |       |     2 ||     2
 Armour: Robe              |     9 |       |    24 |     4 ||    37
  Dodge: Dodged            |    44 |    34 |   111 |    46 ||   235

Table legend: (Time is in decaauts)
 A = Elapsed time spent in this place.
 B = Non-inter-level travel time spent in this place.
 C = Inter-level travel time spent in this place.
 D = Time resting spent in this place.
 E = Time spent auto-exploring this place.
 F = Levels seen in this place.
 G = Mean time per level.
                   A        B        C        D        E       F      G
               +--------+--------+--------+--------+--------+-----+--------+
         Total |   6632 |   5972 |    660 |    485 |   4481 |   9 |  736.9 |
       Dungeon |   6200 |   5705 |    495 |    485 |   4231 |   8 |  775.0 |
        Temple |    431 |    266 |    165 |      0 |    250 |   1 |  431.0 |
               +--------+--------+--------+--------+--------+-----+--------+

Top non-repeatable levels by time:
     D:7: 1134 daAuts
     D:1: 895 daAuts
     D:6: 883 daAuts
     D:5: 871 daAuts
     D:2: 860 daAuts
     D:3: 635 daAuts
     D:4: 538 daAuts
  Temple: 431 daAuts
     D:8: 381 daAuts
